 Dungeon Crawl Stone Soup version 0.26.1 (webtiles) character file.

Game seed: 4666115602992976922

765 Gadfly the Righteous (level 7, -5/66 HPs)
             Began as an Ogre Gladiator on Feb 7, 2021.
             Was a Follower of the Shining One.
             Slain by a scorpion (9 damage)
             ... on level 4 of the Dungeon.
             The game lasted 00:07:18 (6593 turns).

Gadfly the Righteous (Ogre Gladiator)               Turns: 6593, Time: 00:07:19

Health: -5/66      AC:  6    Str: 20 (21) XL:     7   Next: 81%
Magic:  10/10      EV: 10    Int:  7 (9)  God:    the Shining One [*.....]
Gold:   124        SH:  0    Dex:  9 (10) Spells: 6/6 levels left

rFire    . . .     SeeInvis .   a - +0 flail
rCold    . . .     Faith    .   (no shield)
rNeg     . . .     Spirit   .   n - +0 robe
rPois    .         Reflect  .   c - +0 hat
rElec    .         Harm     .   l - +2 cloak
rCorr    .         Rampage  .   (gloves unavailable)
Will     .....                  (boots unavailable)
Stlth    +.........             (no amulet)
HPRegen  0.21/turn              (no ring)
MPRegen  0.12/turn              (no ring)

@: lethally poisoned (-5 -> -18), glowing
A: large, unfitting armour, tough skin 1
a: Renounce Religion


You were on level 4 of the Dungeon.
You worshipped the Shining One.
The Shining One was aware of your devotion.
You visited 1 branch of the dungeon, and saw 5 of its levels.

You collected 124 gold pieces.

Inventory:

Hand Weapons
 a - a +0 flail (weapon)
 b - a +1 spear of freezing
Missiles
 d - 3 throwing nets
 f - 105 stones (quivered)
Armour
 c - a +0 hat (worn)
 l - a +2 cloak (worn)
 n - a +0 robe (worn)
Scrolls
 i - 3 scrolls of magic mapping
 m - a scroll of remove curse
Potions
 e - a potion of berserk rage
 g - a potion of haste
 h - a potion of might
 j - a potion of flight
 k - a potion of curing


   Skills:
 - Level 2.6 Fighting
 + Level 3.7 Maces & Flails
 + Level 3.4 Throwing
 * Level 3.2 Armour
 - Level 2.6 Dodging
 * Level 4.3 Invocations
 * Level 3.2 Evocations


You had 6 spell levels left.
You didn't know any spells.
Your spell library was empty.

Dungeon Overview and Level Annotations

Branches:
Dungeon (5/15)
 Temple: D:4-7

Altars:
Ru
Wu Jian
Xom
Zin
The Shining One


Innate Abilities, Weirdness & Mutations

You are too large for most types of armour.
You have tough skin. (AC +1)


Message History

The scorpion is moderately wounded.
You feel sick. The scorpion stings you.
* * * LOW HITPOINT WARNING * * *
You are more poisoned.
The scorpion poisons you! The scorpion barely misses you.
You hit the scorpion.
The scorpion is heavily wounded.
You feel sick. The scorpion stings you.
* * * LOW HITPOINT WARNING * * *
You barely miss the scorpion.
The scorpion is heavily wounded.
You feel sick. The scorpion stings you!
* * * LOW HITPOINT WARNING * * *
You are more poisoned.
The scorpion poisons you!
You hit the scorpion but do no damage.
The scorpion is heavily wounded.
* * * LOW HITPOINT WARNING * * *
You feel sick. The scorpion stings you!
You die...

##.#.#..#..............#
...#.#..#..#####.##.##.##
...#....#..........<#...#
...'...##.#..###.#.##.###
...##.....#......#....#
............######.#..#
###########.......O#..#
###.###...#..#####.#.##
##..##'.8.#...>)@s.#.#
#'##..#...#..############
.#..#.#†..#.............#
.#.###'.8.'..########.###
.'##..#...#..# #.#
.##...#...#).# #.#
.#!..#+.8.#..# #.#
.'..###...#..# #.#
###########..########.#


You could see a scorpion.

Vanquished Creatures
  Sigmund (D:2)
  A phantom (D:4)
  An ogre (D:4)
  A gnoll sergeant (D:4)
  A howler monkey (D:4)
  A bullfrog skeleton (D:2)
  A hound (D:4)
  Jessica (D:2)
  3 worker ants
  3 gnolls
  7 adders
  An ufetubus (D:5)
  An adder skeleton (D:4)
  4 worms
  2 dart slugs (D:1)
  3 leopard geckos
  4 orcs
  2 giant cockroaches
  3 goblins
  5 hobgoblins
  7 kobolds
  11 bats
  11 frilled lizards
  A leopard gecko skeleton (D:4)
  11 rats
87 creatures vanquished.

Vanquished Creatures (others)
  A dart slug (D:2)
1 creature vanquished.

Grand Total: 88 creatures vanquished

Notes
Turn   | Place    | Note
-------+----------+-------------------------------------------
     0 | D:1      | Gadfly the Ogre Gladiator began the quest for the Orb.
     0 | D:1      | Reached XP level 1. HP: 22/22 MP: 1/1
    91 | D:1      | Reached XP level 2. HP: 28/29 MP: 2/2
   268 | D:1      | Reached skill level 1 in Invocations
   807 | D:2      | Noticed Jessica
   984 | D:2      | Killed Jessica
   985 | D:2      | Reached skill level 1 in Armour
   985 | D:2      | Reached skill level 1 in Evocations
   985 | D:2      | Reached XP level 3. HP: 13/36 MP: 2/4
  1192 | D:2      | Found a glowing golden altar of the Shining One.
  1210 | D:2      | Noticed an angel
  1212 | D:2      | Found a glowing silver altar of Zin.
  1240 | D:2      | Became a worshipper of the Shining One
  1752 | D:2      | Reached skill level 2 in Invocations
  1752 | D:2      | Reached XP level 4. HP: 32/44 MP: 5/5
  1873 | D:2      | HP: 2/44 [poisoned by an adder]
  2345 | D:2      | Reached XP level 5. HP: 50/50 MP: 6/6
  2401 | D:2      | Found a faded altar of an unknown god.
  2567 | D:2      | Found a shimmering altar of Xom.
  2569 | D:2      | Noticed Sigmund
  2591 | D:2      | Killed Sigmund
  2592 | D:2      | Reached skill level 3 in Invocations
  2592 | D:2      | Reached XP level 6. HP: 3/59 MP: 6/8
  4650 | D:3      | You fall into a shaft and drop 1 floor!
  4669 | D:4      | Found an ornate altar of the Wu Jian Council.
  4740 | D:4      | Noticed a phantom
  4777 | D:4      | Killed a phantom
  4778 | D:4      | Reached XP level 7. HP: 53/66 MP: 9/9
  5379 | D:4      | Found a sacrificial altar of Ru.
  6042 | D:4      | Reached skill level 4 in Invocations
  6294 | D:4      | Reached * piety under the Shining One
  6430 | D:5      | Entered Level 5 of the Dungeon
  6593 | D:4      | Slain by a scorpion

Illustrated notes

Levels and vault maps discovered:
D:1:      wheals_arrival_shading, layout_rooms, minivault_23
D:2:      layout_loops_ring, grunt_temple_overflow_order_and_chaos_1,
          chequers_ecumenical_altar_simple, tso_metal_star, uniq_jessica,
          uniq_sigmund
D:3:      layout_basic
D:4:      minmay_chambers_of_threes, layout_basic, lemuel_round_altar,
          nzn_wu_jian_council_hall
D:5:      layout_loops_ring, old_standard_altar, minmay_temple_entry_nine_rooms

Skill      XL: |  1  2  3  4  5  6  7 |
---------------+----------------------+-----
Invocations    | 1 2 3 4 |  4.3
Armour         | 1 2 3 |  3.2
Evocations     | 1 2 3 |  3.2
Maces & Flails | 3 |  3.7
Throwing       | 3 |  3.4
Fighting       | |  2.6
Dodging        | |  2.6

Action                   |  1- 3 |  4- 6 |  7- 9 || total
-------------------------+-------+-------+-------++-------
Melee: Flail             |    79 |   171 |    92 ||   342
Throw: Stone             |    17 |    10 |       ||    27
       Throwing net      |       |       |     1 ||     1
  Use: Scroll            |     4 |     1 |     2 ||     7
       Potion            |     1 |     1 |     1 ||     3
Armor: Robe              |    30 |    51 |    46 ||   127
Dodge: Dodged            |    43 |   105 |    54 ||   202
